 Dungeon Crawl Stone Soup version 0.27-a0-1245-g940ed4fa31 (webtiles) character file.

Game seed: 8339217972702759321

260 avis the Chopper (level 6, 0/56 HPs)
             Began as a Hill Orc Monk on June 10, 2021.
             Succumbed to a scorpion's poison
             ... on level 4 of the Dungeon.
             The game lasted 00:16:08 (5774 turns).

avis the Chopper (Hill Orc Monk)                    Turns: 5774, Time: 00:16:08

Health: 0/56       AC:  6    Str: 16    XL:     6   Next: 17%
Magic:  6/6        EV:  9    Int: 10    God:
Gold:   150        SH:  5    Dex: 13    Spells: 5/5 levels left

rFire    + . .     SeeInvis .   b - +1 short sword (elec)
rCold    + . .     Faith    .   x - +2 buckler {reflect}
rNeg     . . .     Spirit   .   m - +0 scale mail
rPois    +         Reflect  +   (no helmet)
rElec    +         Harm     .   (no cloak)
rCorr    +         Rampage  .   (no gloves)
Will     .....                  (no boots)
Stlth    ..........             (no amulet)
HPRegen  0.18/turn              (no ring)
MPRegen  0.10/turn              (no ring)

@: lethally poisoned (0 -> -2), resistant
A: no striking features
a: no special abilities


You were on level 4 of the Dungeon.
You visited 2 branches of the dungeon, and saw 5 of its levels.

You collected 172 gold pieces.
You spent 22 gold pieces at shops.

Inventory:

Hand Weapons
 a - a +0 hand axe
 b - a +1 short sword of electrocution (weapon)
 w - a +0 hunting sling
Missiles
 e - 82 stones
 n - a boomerang (quivered)
 r - 30 sling bullets
Armour
 m - a +0 scale mail (worn)
 o - a +0 leather armour
 x - a +2 buckler of reflection (worn)
Wands
 t - a wand of mindburst (19)
Scrolls
 d - 2 scrolls of teleportation {unknown}
 h - a scroll of enchant weapon {unknown}
 i - 2 scrolls of vulnerability {unknown}
 j - a scroll of immolation {unknown}
 l - a scroll of blinking {unknown}
 p - a scroll of amnesia {unknown}
 q - a scroll of silence {unknown}
 s - a scroll of enchant armour {unknown}
 u - a scroll of torment {unknown}
 v - a scroll of identify
Potions
 c - a potion of degeneration {unknown}
 g - a potion of lignification {unknown}
 k - a potion of flight {unknown}


   Skills:
 + Level 5.1 Fighting
 * Level 6.9 Axes
 + Level 2.9 Armour
 - Level 2.4 Dodging
 - Level 1.5 Stealth


You had 5 spell levels left.
You didn't know any spells.
Your spell library was empty.

Dungeon Overview and Level Annotations

Branches:
Dungeon (4/15)             Temple (1/1) D:4

Altars:
Ashenzari
Gozag
Hepliaklqana
Nemelex Xobeh
Okawaru
Ru
Uskayaw
Xom
Zin

Shops:
D:2 ?


Message History

You feel sick. The scorpion stings you. The scorpion closely misses you.
You hit the scorpion but do no damage.
The scorpion is lightly wounded.
You feel sick. The scorpion barely misses you.
You hit the scorpion.
The scorpion is lightly wounded.
You feel sick.
The scorpion stings you but does no damage.
The scorpion completely misses you.
You completely miss the scorpion.
The scorpion is lightly wounded.
You feel sick. The scorpion barely misses you.
Your scale mail prevents you from hitting the scorpion.
The scorpion is lightly wounded.
You feel sick.
You are no longer poisoned.
The scorpion stings you. x2
You are poisoned.
The scorpion poisons you!
You feel protected.
You feel very sick. The scorpion closely misses you.
You hit the scorpion.
The scorpion is moderately wounded.
You feel very sick. You block the scorpion's attack.
You closely miss the scorpion.
The scorpion is moderately wounded.
You feel sick. The scorpion barely misses you.
You hit the scorpion but do no damage.
The scorpion is moderately wounded.
You feel sick. The scorpion stings you.
* * * LOW HITPOINT WARNING * * *
The scorpion stings you.
* * * LOW HITPOINT WARNING * * *
* * * LOW HITPOINT WARNING * * *
You feel sick.
* * * LOW HITPOINT WARNING * * *
You feel sick.
You die...

...#.#..##.###.#####.
##.#.#..##.###.###
##.#..#........#.## #
.....###..........##.#
##.##.#............#.###
#.....................#
#####.#..........s.#.#.#
...##.........#...## #
....###.......##@##
......).##...........#
....>##.########.#####
.....##.# #.# ........#
#.# ...###### #.# #.##
#.# #.# ..# #.#


You could see a scorpion.

Vanquished Creatures
  Natasha (thrice) (D:2)
  9 adders
  2 adder skeletons (D:4)
  2 worms
  4 orcs (D:3)
  10 ball pythons
  3 endoplasms
  5 giant cockroaches
  3 goblins
  9 hobgoblins
  10 jackals
  5 quokkas
  5 bats
  2 frilled lizards (D:2)
  9 kobolds
  5 rats
86 creatures vanquished.

Notes
Turn   | Place    | Note
-------+----------+-------------------------------------------
     0 | D:1      | avis the Hill Orc Monk began the quest for the Orb.
     0 | D:1      | Reached XP level 1. HP: 19/19 MP: 1/1
   123 | D:1      | You fall into a shaft and drop 1 floor!
   160 | D:2      | Reached XP level 2. HP: 15/27 MP: 2/2
   447 | D:1      | Reached skill level 1 in Armour
   626 | D:1      | Reached XP level 3. HP: 32/33 MP: 3/3
   884 | D:1      | Found a faded altar of an unknown god.
   910 | D:1      | Reached skill level 5 in Axes
  1221 | D:2      | Found Foman's Magic Scroll Emporium.
  1570 | D:2      | Reached XP level 4. HP: 26/40 MP: 4/4
  2328 | D:2      | Noticed Natasha
  2341 | D:2      | Killed Natasha
  2542 | D:2      | Noticed Natasha
  2591 | D:2      | Bought a scroll of identify for 22 gold pieces
  2807 | D:2      | HP: 1/41 [white imp/puff of frost[Natasha] (6)]
  3153 | D:3      | Reached skill level 6 in Axes
  3153 | D:3      | Reached XP level 5. HP: 38/47 MP: 5/5
  3547 | D:2      | Killed Natasha
  3666 | D:2      | Noticed Natasha
  3676 | D:2      | Killed Natasha
  4579 | D:3      | Reached skill level 5 in Fighting
  4579 | D:3      | Reached XP level 6. HP: 50/56 MP: 6/6
  5273 | D:4      | Found a staircase to the Ecumenical Temple.
  5302 | Temple   | Entered the Ecumenical Temple
  5772 | D:4      | HP: 2/56 [poisoned by a scorpion]
  5774 | D:4      | Succumbed to a scorpion's poison

Illustrated notes

Levels and vault maps discovered:
D:1:      amcnicky_arrival_double_pillar, layout_rooms,
          ebering_ecumenical_altar_petrified, serial_glass, glass_columns_a,
          glass_columns_a, glass_columns_a, glass_columns_a
D:2:      layout_loops_cross, serial_shops, shop, uniq_natasha
D:3:      minmay_evil_eye, layout_loops_cross, corexii_shack
D:4:      layout_loops_ring, chequers_temple_overflow_minitemple,
          minmay_temple_entry_waves, chequers_serial_rivers_small_3
Temple:   jpeg_temple_island

Skill      XL: |  1  2  3  4  5 |
---------------+----------------+-----
Armour         | 1 2 |  2.9
Fighting       | 4 5 |  5.1
Axes           | 5 6 |  6.9
Dodging        | |  2.4
Stealth        | |  1.5

Action                   |  1- 3 |  4- 6 || total
-------------------------+-------+-------++-------
Melee: Hand axe          |   146 |   195 ||   341
       Short sword       |       |    19 ||    19
Throw: Boomerang         |       |    21 ||    21
  Use: Scroll            |       |     2 ||     2
       Potion            |       |     2 ||     2
 Stab: Sleeping          |     4 |       ||     4
       Distracted        |     1 |       ||     1
Armor: Robe              |    24 |     9 ||    33
       Leather armour    |       |    19 ||    19
       Scale mail        |       |     5 ||     5
Dodge: Dodged            |   111 |   122 ||   233
Block: Buckler           |       |     3 ||     3

Table legend: (Time is in decaauts)
 A = Elapsed time spent in this place.
 B = Non-inter-level travel time spent in this place.
 C = Inter-level travel time spent in this place.
 D = Time resting spent in this place.
 E = Time spent auto-exploring this place.
 F = Levels seen in this place.
 G = Mean time per level.
                   A        B        C        D        E       F      G
               +--------+--------+--------+--------+--------+-----+--------+
         Total |   5869 |   5369 |    500 |   2326 |   2003 |   5 | 1173.8 |
       Dungeon |   5619 |   5119 |    500 |   2326 |   1781 |   4 | 1404.8 |
        Temple |    250 |    250 |      0 |      0 |    222 |   1 |  250.0 |
               +--------+--------+--------+--------+--------+-----+--------+

Top non-repeatable levels by time:
     D:2: 2328 daAuts
     D:3: 1589 daAuts
     D:1: 1291 daAuts
     D:4: 409 daAuts
  Temple: 250 daAuts
